Map: Ice and Chrome LE

Players

Yoger - Winner!

  • Race: Zerg Zerg
  • Spawn Location: 7:00

黑羽快斗 (ButAlways)

  • Race: Protoss Protoss
  • League: Grandmaster
  • Spawn Location: 1:00

Event: DreamHack SC2 Masters 2020 Fall

VOD

Have the link to the VOD?

Description

Time

  • Played on: Aug. 28, 2020, 9:22 a.m.
  • Length: 13:03

All games in this series

Show
View Real Time Build Order
Export as new Build Order

Yoger Zerg - Winner!

Build Orders: Hatch First 

Get SALT Encoding   

  12  0:00  Drone  
  13  0:12  Overlord  
  13  0:16  Drone  
  14  0:30  Drone x2  
  16  0:48  Hatchery  
  15  0:51  Drone  
  15  0:54  Drone  
  17  0:57  Drone  
  18  1:08  Extractor  
  17  1:13  Spawning Pool  
  17  1:17  Drone  
  17  1:20  Drone  
  18  1:27  Drone  
  19  1:39  Drone  
  20  1:48  Hatchery  
  20  1:52  Drone  
  20  2:01  Queen  
  20  2:05  Drone  
  24  2:08  Drone  
  24  2:13  Drone  
  25  2:18  Overlord  
  25  2:25  Queen  
  27  2:30  Drone  
  27  2:33  Metabolic Boost  
  28  2:37  Zergling x2  
  28  2:38  Zergling x2  
  30  2:47  Drone  
  30  2:48  Drone  
  30  2:49  Overlord  
  32  2:56  Drone  
  33  3:01  Drone  
  33  3:03  Queen  
  33  3:04  Drone x2  
  38  3:09  Drone  
  39  3:13  Drone  
  40  3:20  Drone  
  40  3:24  Drone x2  
  40  3:25  Queen  
  45  3:27  Drone x2  
  45  3:32  Drone  
  45  3:34  Drone  
  49  3:35  Drone  
  49  3:36  Overlord  
  50  3:45  Evolution Chamber  
  50  3:46  Overlord  
  49  3:51  Overlord  
  49  3:54  Queen, Spore Crawler  
  50  3:59  Spore Crawler  
  50  4:00  Spore Crawler  
  50  4:01  Drone x2  
  50  4:05  Overlord  
  50  4:07  Drone x4  
  53  4:10  Drone  
  53  4:11  Drone  
  53  4:14  Drone x2  
  53  4:16  Drone x2  
  59  4:20  Drone  
  60  4:25  Drone  
  60  4:26  Zerg Melee Weapons Level 1  
  60  4:27  Drone x2  
  63  4:35  Overlord x2  
  63  4:38  Zergling x4  
  65  4:42  Extractor, Baneling Nest  
  65  4:43  Overlord  
  65  4:44  Zergling x6  
  66  4:51  Overlord x2  
  66  4:53  Queen  
  66  4:55  Zergling x6  
  66  4:58  Zergling x2  
  72  5:03  Zergling x2  
  72  5:07  Zergling x2  
  72  5:08  Zergling x12  
  72  5:09  Queen  
  72  5:12  Zergling x6  
  84  5:18  Zergling x4  
  86  5:23  Zergling x2  
  86  5:30  Zergling x6  
  79  5:39  Zergling x2  
  79  5:40  Zergling x6  
  79  5:45  Zergling x2  
  79  5:46  Zergling x14  
  86  5:54  Baneling x12  
  86  5:56  Zergling x2  
  87  6:01  Zergling x4  
  87  6:02  Hatchery  
  88  6:05  Zergling x2  
  88  6:10  Zergling x10  
  94  6:13  Zergling x2  
  93  6:20  Drone x8  
  95  6:32  Drone x2  
  93  6:36  Drone  
  93  6:38  Drone x3  
  93  6:39  Lair  
  90  6:44  Queen, Extractor  
  90  6:45  Drone, Extractor  
  90  6:46  Drone x2  
  91  6:48  Overlord  
  91  6:49  Overlord  
  91  6:50  Drone x2  
  91  6:51  Drone  
  91  6:53  Queen  
  96  6:56  Zerg Missile Weapons Level 1  
  96  6:59  Drone  
  96  7:13  Drone x5  
  96  7:15  Extractor  
  97  7:16  Drone x5, Queen  
  97  7:17  Hatchery  
  97  7:21  Extractor  
  97  7:31  Drone x8, Evolution Chamber  
  97  7:32  Queen  
  97  7:35  Drone x2  
  108  7:40  Hydralisk Den  
  108  7:42  Overlord x2  
  106  7:52  Centrifical Hooks  
  106  7:54  Spore Crawler  
  103  8:17  Lair  
  103  8:18  Hydralisk x4, Hatchery  
  103  8:19  Hydralisk x10  
  130  8:22  Overlord  
  130  8:23  Overlord  
  130  8:30  Extractor  
  130  8:31  Extractor  
  126  8:40  Hydralisk x4  
  126  8:41  Zergling x14  
  133  8:48  Hydralisk  
  136  8:54  Zergling x2  
  136  8:55  Zergling x8  
  143  8:58  Muscular Augments  
  143  8:59  Queen  
  143  9:00  Zergling x4  
  143  9:01  Zergling x8  
  151  9:13  Overlord x4  
  151  9:14  Zerg Melee Weapons Level 2  
  151  9:15  Zerg Missile Weapons Level 2  
  143  9:21  Zergling x2  
  143  9:22  Zergling x16  
  142  9:26  Spore Crawler  
  142  9:28  Spore Crawler  
  140  9:33  Baneling x11  
  140  9:34  Zergling x2  
  140  9:35  Zergling x10  
  146  9:42  Queen  
  148  9:45  Zergling x2  
  148  9:46  Zergling x10  
  154  9:56  Hydralisk x4  
  160  10:03  Hydralisk x3  
  161  10:12  Hydralisk x3  
  164  10:19  Queen  
  164  10:22  Spore Crawler  
  164  10:23  Spore Crawler  
  164  10:25  Hydralisk x3  
  149  10:39  Hydralisk x5  
  152  10:47  Hydralisk x2  
  154  10:56  Drone x2, Lair  
  150  11:01  Hydralisk  
  124  11:25  Hydralisk  
  124  11:26  Hydralisk x3  
  124  11:28  Drone x3, Queen  
  124  11:30  Drone x4  
  138  11:39  Hydralisk x3  
  144  11:51  Drone x2, Hatchery  
  144  11:52  Drone x3  
  148  11:57  Drone, Queen  
  148  12:01  Queen  
  151  12:02  Zergling x10  
  158  12:12  Hatchery  
  156  12:22  Hydralisk x2  
  154  12:23  Hydralisk x4  
  165  12:39  Zergling x8  
  165  12:40  Zergling x12  
Show
View Real Time Build Order
Export as new Build Order

黑羽快斗 Protoss 

Build Orders: 1 Gate Expand, Mass Adepts 

Get SALT Encoding   

  12  0:00  Probe  
  13  0:12  Probe  
  14  0:20  Pylon  
  14  0:24  Probe  
  15  0:38  Probe (Chrono Boost)  
  15  0:41  Gateway  
  16  0:47  Probe (Chrono Boost)  
  16  0:48  Assimilator  
  17  0:52  Probe  
  18  1:05  Probe  
  19  1:17  Probe  
  20  1:23  Nexus  
  20  1:35  Cybernetics Core  
  20  1:37  Probe  
  21  1:44  Assimilator  
  21  1:49  Probe  
  21  1:53  Pylon  
  22  2:01  Probe (Chrono Boost)  
  23  2:08  Adept (Chrono Boost)  
  23  2:13  Probe (Chrono Boost)  
  26  2:16  Stargate  
  26  2:20  Probe (Chrono Boost)  
  27  2:24  Warp Gate  
  27  2:29  Probe (Chrono Boost)  
  28  2:33  Adept  
  28  2:36  Probe (Chrono Boost)  
  32  2:45  Probe (Chrono Boost)  
  32  2:46  Probe (Chrono Boost)  
  32  2:52  Probe  
  32  2:53  Void Ray (Chrono Boost), Probe  
  34  3:04  Probe  
  40  3:05  Probe  
  40  3:16  Twilight Council, Probe  
  40  3:17  Probe  
  42  3:23  Pylon  
  42  3:28  Probe  
  42  3:29  Probe  
  42  3:30  Gateway  
  44  3:36  Gateway  
  44  3:43  Gateway, Probe  
  44  3:46  Resonating Glaives (Chrono Boost)  
  44  3:48  Probe  
  46  3:55  Probe  
  46  3:59  Pylon  
  47  4:03  Assimilator, Probe  
  48  4:10  Probe  
  48  4:13  Adept  
  51  4:20  Probe  
  52  4:26  Pylon  
  52  4:28  Adept  
  54  4:31  Adept  
  54  4:36  Adept  
  58  4:38  Nexus  
  58  4:40  Pylon  
  58  4:41  Adept  
  60  4:50  Probe x2  
  60  4:52  Adept x2  
  66  4:55  Assimilator  
  66  4:57  Adept  
  68  5:02  Adept  
  68  5:04  Probe  
  71  5:09  Probe  
  71  5:14  Stargate  
  72  5:15  Stargate  
  72  5:17  Pylon  
  72  5:21  Probe  
  73  5:31  Void Ray (Chrono Boost)  
  73  5:32  Probe  
  73  5:33  Probe  
  73  5:35  Protoss Air Weapons Level 1  
  61  5:44  Probe  
  61  5:47  Shield Battery  
  61  5:48  Probe  
  61  5:53  Shield Battery, Adept x2  
  61  5:54  Adept  
  61  5:56  Probe  
  69  5:59  Void Ray (Chrono Boost)  
  72  6:04  Sentry, Probe  
  72  6:05  Probe  
  72  6:08  Probe  
  72  6:11  Void Ray (Chrono Boost)  
  77  6:17  Probe  
  80  6:18  Sentry  
  80  6:23  Adept x2  
  79  6:35  Adept  
  73  6:49  Fleet Beacon  
  73  6:56  Void Ray  
  73  7:01  Nexus  
  73  7:02  Pylon  
  77  7:14  Zealot  
  75  7:18  Pylon  
  75  7:20  Unknown, Pylon  
  75  7:21  Zealot x3  
  79  7:24  Shield Battery  
  73  7:35  Zealot  
  73  7:37  Void Ray x2  
  73  7:41  Zealot x2  
  83  7:57  Void Ray  
  87  8:06  Pylon  
  87  8:10  Shield Battery  
  83  8:23  Nexus  
  87  8:33  Zealot  
  93  8:43  Carrier (Chrono Boost)  
  93  8:47  Zealot x3  
  97  8:58  Pylon  
  97  9:04  Forge  
  97  9:06  Pylon  
  97  9:09  Shield Battery  
  103  9:24  Carrier (Chrono Boost)  
  103  9:25  Carrier (Chrono Boost)  
  103  9:27  Probe x2  
  107  9:50  Tempest (Chrono Boost)  
  110  9:54  Sentry, Adept  
  110  9:55  Shield Battery  
  110  9:56  Shield Battery  
  110  9:59  Pylon  
  111  10:04  Shield Battery  
  111  10:10  Pylon  
  111  10:12  Pylon  
  111  10:20  Pylon  
  111  10:22  Pylon  
  107  10:38  Tempest  
  106  11:07  Pylon  
  98  11:36  Nexus  
  98  11:39  Templar Archives  
  94  11:51  Pylon  
  94  12:23  Pylon  
  94  12:25  Pylon  
  76  12:47  Zealot  

Tags
 
Add a new tag
Caveats
  • Supply blocks, unpowered buildings, or Contaminate may cause inaccurate times.
  • Supply counts are checked every 10 seconds.